AoeStats
← jeremy.is.tall

Arabia

509463522Analyzed
1v1 RM · 6d ago on Sep 26, 2026· 45m 26s· 2 players
Game mode
Random Map
Map size
Tiny (2 player)
Population
200
Speed
Normal
Resources
Standard
Victory
Conquest
Starting age
Dark Age
Ending age
Imperial Age
RankedLock teamsTeams togetherTeam positionsShared explorationLock speedFull tech treeHidden civsTurbo modeCheats
Victory
Defeat
🇨🇦 Turks · Canada
1037
+16
🇨🇴 Ethiopians · Colombia
1047
-16
jeremy.is.tall
6:45 Loom
9:47 Feudal Age
10:28 Double-Bit Axe
10:24 Horse Collar
20:11 Castle Age
18:48 Fletching
23:08 Gold Mining
24:52 Husbandry
26:12 Wheelbarrow
26:51 Bodkin Arrow
26:56 Padded Archer Armor
30:18 Ballistics
32:34 Town Watch
37:29 Imperial Age
38:01 Thumb Ring
40:01 Bracer
41:23 Parthian Tactics
41:50 Sipahi
42:23 Heavy Cavalry Archer
43:17 Bloodlines
44:55 Scale Barding Armor
45:01 Forging
Rattlehead
6:56 Loom
9:44 Feudal Age
17:23 Fletching
23:35 Castle Age
23:04 Padded Archer Armor
23:15 Forging
23:17 Double-Bit Axe
23:48 Scale Mail Armor
23:38 Crossbowman
34:12 Thumb Ring
37:17 Wheelbarrow
39:55 Imperial Age
39:17 Ballistics
39:37 Leather Archer Armor
39:18 Bodkin Arrow
41:06 Ring Archer Armor
40:23 Arbalester
Connection lost

Rejoining the realm…

Still unreachable

The connection could not be restored.

Session expired

The server has moved on; the page needs a fresh start.